 Dungeon Crawl Stone Soup version 0.31-a0-801-gc67433417a (webtiles) character file.

Game seed: 5670717962054687214

39 Ivernyr the Slasher (level 3, -1/18 HPs)
             Began as a Vine Stalker Gladiator on Sept 20, 2023.
             Slain by Sigmund
             ... wielding a +0 scythe
              (7 damage)
             ... on level 2 of the Dungeon.
             The game lasted 00:02:25 (1396 turns).

Ivernyr the Slasher (Vine Stalker Gladiator)        Turns: 1396, Time: 00:02:25

Health: -1/18      AC:  4    Str: 16    XL:     3   Next: 45%
Magic:  0/4        EV: 12    Int:  8    God:
Gold:   87         SH:  0    Dex: 17    Spells: 2/2 levels left

rFire   . . .        a - +0 long sword
rCold   . . .        (no shield)
rNeg    . . .        b - +0 leather armour
rPois   .            c - +0 helmet
rElec   .            (no cloak)
rCorr   .            (no gloves)
SInv    .            (no boots)
Will    .....        (no amulet)
Stlth   +            (no ring)
HPRegen 1.03/turn    (no ring)
MPRegen 0.09/turn

%: guardian spirit
@: no status effects
A: fangs 2, regeneration 1, magic shield, antimagic bite, no potion heal 2
a: no special abilities


You were on level 2 of the Dungeon.
You visited 1 branch of the dungeon, and saw 2 of its levels.

You collected 87 gold pieces.

Inventory:

Hand Weapons
 a - a +0 long sword (weapon)
Missiles
 d - 3 throwing nets (quivered)
 e - 6 javelins
Armour
 b - a +0 leather armour (worn)
 c - a +0 helmet (worn)
Scrolls
 f - a scroll of fog {unknown}
 h - a scroll of identify {unknown}
 j - a scroll of enchant armour {unknown}
Potions
 g - a potion of degeneration {unknown}
 i - a potion of ambrosia {unknown}


   Skills:
 + Level 2.1 Fighting
 * Level 3.3 Long Blades
 - Level 1.7 Throwing
 + Level 0.9 Armour
 + Level 2.6 Dodging


You had 2 spell levels left.
You didn't know any spells.
Your spell library was empty.

Dungeon Overview and Level Annotations

Branches:
Dungeon (2/15)

Altars:

Shops:
D:1 =!::

Annotations:
D:2 Sigmund


Innate Abilities, Weirdness & Mutations

You have extremely sharp teeth.
Your natural rate of healing is unusually fast.
When hurt, damage is shared between your health and your magic reserves.
Your bite disrupts and absorbs the magic of your enemies.
Potions cannot restore your health.


Message History

You closely miss Sigmund. You punch Sigmund, but do no damage.
You bite Sigmund, but do no damage.
Sigmund is lightly wounded.
Sigmund casts a spell at you. The magic dart hits you.
You hit Sigmund but do no damage. You bite Sigmund.
Sigmund's magic leaks into the air.
You drain his magic.
You feel invigorated.
Sigmund is lightly wounded.
Sigmund closely misses you.
You barely miss Sigmund. You bite Sigmund.
Sigmund's magic leaks into the air.
You drain his magic.
Sigmund is moderately wounded.
Sigmund barely misses you.
You slash Sigmund! You punch Sigmund. Your bite misses Sigmund.
Sigmund is severely wounded.
Sigmund closely misses you.
You closely miss Sigmund.
Sigmund is severely wounded.
You hit Sigmund. You bite Sigmund, but do no damage.
Sigmund is almost dead.
Sigmund hits you but does no damage.
You barely miss Sigmund.
Sigmund is almost dead.
Sigmund hits you with a +0 scythe!
You hit Sigmund but do no damage. You bite Sigmund, but do no damage.
Sigmund is almost dead.
Sigmund hits you with a +0 scythe!
Ouch! That really hurt!
* * * LOW HITPOINT WARNING * * *
You closely miss Sigmund. Your bite misses Sigmund.
Sigmund is almost dead.
Sigmund hits you with a +0 scythe.
You barely miss Sigmund.
Sigmund is almost dead.
You closely miss Sigmund.
Sigmund is almost dead.
Sigmund laughs darkly.
Sigmund hits you with a +0 scythe!
You die...
Sigmund begins carving another notch in his scythe.

#.####.#....#.## #.#
#.####....# #.#
#<####..... #.#
#.........# #.#
########.## ##.####
#.# #.....#### #.#
####........# ##'##
#.@@.....##.####...#
#.##.###[.........).
# #.# .#####......
#.. .# #...... #...
# #...... #.#..
#......
......#####......
#.###............
########...#


You could see Sigmund (magic disrupted).

Vanquished Creatures
  3 bats
  3 endoplasms
  A giant cockroach (D:1)
  4 goblins
  4 hobgoblins
  2 jackals (D:1)
  4 kobolds
  A quokka (D:1)
  2 ball pythons (D:1)
  6 frilled lizards
  5 rats
35 creatures vanquished.

Notes
Turn   | Place    | Note
-------+----------+-------------------------------------------
     0 | D:1      | Ivernyr the Vine Stalker Gladiator began the quest for the
                  | Orb.
     0 | D:1      | Reached XP level 1. HP: 11/11 MP: 2/2
   118 | D:1      | Found Zareo's Jewellery Shop.
   123 | D:1      | Reached XP level 2. HP: 15/15 MP: 3/3
   154 | D:1      | Found Sumoz's Distillery.
   162 | D:1      | You fall into a shaft and drop 1 floor!
   166 | D:1      | Found Ycwar's Book Boutique.
   170 | D:1      | Reached skill level 3 in Long Blades
   181 | D:1      | Found Paxelayg's Book Shop.
   359 | D:1      | Reached XP level 3. HP: 18/18 MP: 4/4
  1380 | D:2      | Noticed Sigmund
  1396 | D:2      | Slain by Sigmund

Illustrated notes

Levels and vault maps discovered:
D:1:      giann_wishing_wells, layout_basic, serial_shops,
          nicolae_shop_gibbet_a_chance, nicolae_shop_tiny_glass, shop,
          shop_fountains, minmay_misc_feat_encased, grunt_decor_resistance
D:2:      layout_loops_corners, shapermc_ecumenical_altar_ellora, uniq_sigmund

Skill      XL: |  1  2 |
---------------+-------+-----
Long Blades    | 3 |  3.3
Fighting       | 2 |  2.1
Throwing       | |  1.7
Armour         | |  0.9
Dodging        | |  2.6

Action                     || total
---------------------------++-------
  Melee: Long sword        ||    84
         Bite              ||    20
         Punch             ||     3
   Stab: Sleeping          ||     2
 Armour: Leather armour    ||    51
  Dodge: Dodged            ||    71

Table legend: (Time is in decaauts)
 A = Elapsed time spent in this place.
 B = Non-inter-level travel time spent in this place.
 C = Inter-level travel time spent in this place.
 D = Time resting spent in this place.
 E = Time spent auto-exploring this place.
 F = Levels seen in this place.
 G = Mean time per level.
                   A        B        C        D        E       F      G
               +--------+--------+--------+--------+--------+-----+--------+
         Total |   1415 |   1382 |     33 |      0 |   1125 |   2 |  707.5 |
       Dungeon |   1415 |   1382 |     33 |      0 |   1125 |   2 |  707.5 |
               +--------+--------+--------+--------+--------+-----+--------+

Top non-repeatable levels by time:
     D:1: 744 daAuts
     D:2: 671 daAuts
